 Dungeon Crawl Stone Soup version 0.31-a0-986-g5e6e4ef867 (webtiles) character file.

Game seed: 344388577553713310

80 Arex the Trooper (level 4, -3/34 (35) HPs)
             Began as a Demonspawn Fighter on Nov 3, 2023.
             Slain by a worm (7 damage)
             ... on level 2 of the Dungeon.
             The game lasted 00:01:55 (1271 turns).

Arex the Trooper (Demonspawn Fighter)               Turns: 1271, Time: 00:01:55

HP:   -3/34 (35)    AC:  6    Str: 18    XL:     4   Next: 18%
MP:   4/4           EV:  9    Int:  9    God:
Gold: 39            SH:  4    Dex: 13    Spells: 3/3 levels left

rFire   . .          .
                       - Unarmed
rCold   . . .        c - +0 buckler
rNeg    . . .        b - +0 scale mail
rPois   .            (no helmet)
rElec   .            (no cloak)
rCorr   .            (no gloves)
SInv    .            (no boots)
Will    .....        (no amulet) Stlth
                     (no ring)
HPRegen 0.25/turn    (no ring)
MPRegen 0.09/turn

%: no passive effects
@: lightly drained
A: demonic touch 1
a: no special abilities


You were on level 2 of the Dungeon.
You visited 1 branch of the dungeon, and saw 2 of its levels.

You collected 39 gold pieces.

Inventory:

Hand Weapons
 a - a +0 war axe
Armour
 b - a +0 scale mail (worn)
 c - a +0 buckler (worn)
Scrolls
 d - a scroll of blinking {unknown}
 g - a scroll of teleportation
Potions
 f - a potion of attraction {unknown}


   Skills:
 + Level 3.5 Fighting
 - Level 2.0 Axes
 + Level 3.2 Armour
 + Level 3.2 Shields
 + Level 1.2 Unarmed Combat


You had 3 spell levels left.
You didn't know any spells.
Your spell library was empty.

Dungeon Overview and Level Annotations

Branches:
Dungeon (2/15)

Altars:


Innate Abilities, Weirdness & Mutations

Your touch may inflict minor irresistible damage on your foes.


Message History

You are too injured to fight recklessly!
You are too injured to fight recklessly!
You are too injured to fight recklessly!
You are too injured to fight recklessly!
You are too injured to fight recklessly!
You are too injured to fight recklessly!
You are too injured to fight recklessly!
You are too injured to fight recklessly!
You are too injured to fight recklessly!
You are too injured to fight recklessly!
You are too injured to fight recklessly!
You are too injured to fight recklessly!
You are too injured to fight recklessly!
You are too injured to fight recklessly!
You are too injured to fight recklessly!
You are too injured to fight recklessly!
You are too injured to fight recklessly!
You hit the worm but do no damage.
The worm is moderately wounded.
The adder bites you.
You are poisoned.
The adder poisons you! The adder bites you.
You hit the worm.
The worm is moderately wounded.
You feel sick. You block the adder's attack. The worm bites you.
* * * LOW HITPOINT WARNING * * *
You hit the worm.
The worm is moderately wounded.
You feel sick. The adder barely misses you. The worm barely misses you.
You closely miss the adder.
You feel sick. The adder bites you.
* * * LOW HITPOINT WARNING * * *
The adder barely misses you.
You closely miss the adder.
You feel sick. The adder bites you but does no damage.
You block the worm's attack.
You closely miss the adder.
You feel sick. The adder bites you but does no damage.
You barely miss the adder.
You feel sick.
You are no longer poisoned.
You block the adder's attack. The worm bites you!
You die...

. ... #............
##.....# #..........#
#....).# #..........#
#.#....####..........#
..#....##............#
.......##.#..........#
.......##.##....$###
.......##.##.###.#
..รท....##.##.#<.@#
.......##)##.##wS.......
.......##)##..+.........
.......)).#####...[.....
.......#### #.........
.......###### #.........
............# #.........
...........(# #.........
.........%..#


You could see a worm and an adder.

Vanquished Creatures
  Robin (D:2)
  2 adders (D:2)
  A worm (D:2)
  A dart slug (D:1)
  4 endoplasms
  3 giant cockroaches (D:1)
  12 goblins
  3 hobgoblins
  3 jackals (D:1)
  4 kobolds (D:1)
  A quokka (D:1)
  2 bats (D:1)
  3 frilled lizards (D:1)
  3 rats
43 creatures vanquished.

Notes
Turn   | Place    | Note
-------+----------+-------------------------------------------
     0 | D:1      | Arex the Demonspawn Fighter began the quest for the Orb.
     0 | D:1      | Reached XP level 1. HP: 18/18 MP: 1/1
   121 | D:1      | Gained mutation: Your touch may inflict minor irresistible
                  | damage on your foes. [demonic ancestry]
   121 | D:1      | Reached XP level 2. HP: 24/24 MP: 2/2
   709 | D:1      | Reached XP level 3. HP: 29/29 MP: 3/3
  1159 | D:2      | Noticed Robin
  1166 | D:2      | Reached skill level 1 in Unarmed Combat
  1195 | D:2      | Killed Robin
  1196 | D:2      | Reached XP level 4. HP: 27/34 MP: 4/4
  1271 | D:2      | Slain by a worm

Illustrated notes

Levels and vault maps discovered:
D:1:      dpeg_arrival_simpleton_b, layout_loops_ring
D:2:      layout_basic, uniq_robin, uniq_natasha, uniq_jessica

Skill      XL: |  1  2  3 |
---------------+----------+-----
Axes           | 2 |  2.0
Armour         | 3 |  3.2
Shields        | 3 |  3.2
Unarmed Combat | 1 |  1.2
Fighting       | |  3.5

Action                     |  1- 3 |  4- 6 || total
---------------------------+-------+-------++-------
  Melee: War axe           |    13 |       ||    13
         Unarmed           |   255 |    15 ||   270
    Use: Potion            |     2 |       ||     2
         Scroll            |     1 |       ||     1
 Armour: Scale mail        |   201 |    18 ||   219
  Dodge: Dodged            |   119 |     5 ||   124
  Block: Buckler           |    59 |     4 ||    63

Table legend: (Time is in decaauts)
 A = Elapsed time spent in this place.
 B = Non-inter-level travel time spent in this place.
 C = Inter-level travel time spent in this place.
 D = Time resting spent in this place.
 E = Time spent auto-exploring this place.
 F = Levels seen in this place.
 G = Mean time per level.
                   A        B        C        D        E       F      G
               +--------+--------+--------+--------+--------+-----+--------+
         Total |   1283 |   1259 |     24 |    192 |    647 |   2 |  641.5 |
       Dungeon |   1283 |   1259 |     24 |    192 |    647 |   2 |  641.5 |
               +--------+--------+--------+--------+--------+-----+--------+

Top non-repeatable levels by time:
     D:1: 961 daAuts
     D:2: 322 daAuts
